 Dungeon Crawl Stone Soup version 0.24.0-123-gd5b16e6ec5 (webtiles) character file.

Game seed: 9845440949406258656, levelgen mode: deterministic

457 Elellon the Chopper (level 6, -8/56 HPs)
             Began as a Deep Dwarf Fighter on Jan 3, 2020.
             Mangled by an ogre
             ... wielding a +0 giant club
              (11 damage)
             ... on level 4 of the Dungeon.
             The game lasted 00:08:17 (2790 turns).

Elellon the Chopper (Deep Dwarf Fighter)            Turns: 2790, Time: 00:08:18

Health: -8/56      AC:  9    Str: 22    XL:     6   Next: 77%
Magic:  3/3        EV:  7    Int:  8    God:
Gold:   128        SH: 10    Dex: 12    Spells: 5/5 levels left

rFire    . . .     SeeInvis .   a - +0 war axe
rCold    . . .     Gourm    .   c - +0 shield
rNeg     . . .     Faith    .   b - +0 scale mail
rPois    .         Spirit   .   w - +1 helmet
rElec    .         Reflect  .   (no cloak)
rCorr    .         Harm     .   (no gloves)
MR       .....                  (no boots)
Stlth    ..........             (no amulet)
HPRegen  0.00/turn              (no ring)
MPRegen  0.08/turn              (no ring)

@: non-regenerating
A: damage resistance, heal wounds, sense surroundings 1, no regeneration
a: Heal Wounds


You were on level 4 of the Dungeon.
You were not hungry.

You visited 1 branch of the dungeon, and saw 4 of its levels.

You collected 128 gold pieces.

Inventory:

Hand Weapons
 a - a +0 war axe (weapon)
Armour
 b - a +0 scale mail (worn)
 c - a +0 shield (worn)
 t - a +0 chain mail
 w - a +1 helmet (worn)
Jewellery
 y - an uncursed ring of protection from magic {unknown}
Scrolls
 g - a scroll of amnesia {unknown}
 h - 2 scrolls of remove curse {unknown}
 i - 2 scrolls of magic mapping {unknown}
 n - 3 scrolls of teleportation {unknown}
 o - a scroll of fear {unknown}
 r - a scroll of blinking {unknown}
 s - a scroll of enchant weapon {unknown}
 u - 4 scrolls of identify {unknown}
 x - a scroll of fog {unknown}
Potions
 d - 2 potions of might
 e - 2 potions of ambrosia {unknown}
 j - a potion of invisibility {unknown}
 k - 5 potions of mutation {unknown}
 l - a potion of degeneration {unknown}
 m - a potion of magic {unknown}
 p - a potion of agility {unknown}
 q - a potion of curing {unknown}
 z - a potion of haste {unknown}
Comestibles
 f - 5 rations
 v - a chunk of flesh


   Skills:
 + Level 3.4 Fighting
 * Level 6.3 Axes
 + Level 4.4 Armour
 - Level 0.1 Dodging
 + Level 4.4 Shields


You had 5 spell levels left.
You didn't know any spells.
Your spell library contained the following spells:

 Spells                   Type           Power        Failure   Level  Hunger
 Beastly Appendage        Tmut           #.....       99%         1    ##.....
 Confusing Touch          Hex            #.....       99%         1    ##.....
 Sticks to Snakes         Tmut           #.......     100%        2    ###....
 Confuse                  Hex            #.......     100%        3    ####...
 Gell's Gravitas          Tloc           #.........   100%        3    ####...
 Spider Form              Tmut/Pois      #.........   100%        3    ####...
 Ice Form                 Ice/Tmut       #.......     100%        4    #####..
 Petrify                  Tmut/Erth      #.......     100%        4    #####..
 Blade Hands              Tmut           #.........   100%        5    ######.
 Metabolic Englaciation   Hex/Ice        #.........   100%        5    ######.
 Yara's Violent Unravell  Hex/Tmut       #.........   100%        5    ######.


Dungeon Overview and Level Annotations

Branches:
Dungeon (4/15)
 Temple: D:4-7

Altars:
Fedhas
Kikubaaqudgha
Qazlal


Innate Abilities, Weirdness & Mutations

You are resistant to damage.
You can heal yourself by infusing magical energy.
You passively map a small area around you.
You do not regenerate.


Message History

You barely miss the orc priest.
The orc priest hits you but does no damage.
You block the ogre's attack.
Your shield prevents you from hitting the ogre.
The ogre is lightly wounded.
You hit the orc priest. You block the orc priest's attack.
The ogre barely misses you.
You slash the ogre!
The ogre is heavily wounded.
You barely miss the orc priest.
The orc priest hits you but does no damage.
The ogre hits you with a +0 giant club!
* * * LOW HITPOINT WARNING * * *
The orc priest hits you but does no damage.
You fail to use your ability.
The orc priest invokes the aid of Beogh against you.
Beogh smites you!
* * * LOW HITPOINT WARNING * * *
The ogre hits you with a +0 giant club!
You die...

.........#.#.# #.#
.........#.#.####### #.#
...........#.##....# #.#
...........#.##....# #.#*
........#.##.##....####.
........#..#.#..........
, ........##.#.#.(.....#
*
........##.#.#.......###*
........##[..#.)@O......
,
........###..#.o########
' ######### #..#.#.......
#.)[.#.!..... ,
#.>).#..♣.... ####.#.o{
... #.#.... #. #.#....#*
#.#..... *


You could see an ogre and an orc priest.

Vanquished Creatures
  Menkaure (D:4)
  A hound (D:3)
  2 orc priests
  3 worker ants
  Robin (D:4)
  A gnoll (D:1)
  5 adders
  2 worms
  4 dart slugs
  3 leopard geckos
  8 orcs
  A ball python (D:2)
  4 giant cockroaches
  11 goblins
  7 hobgoblins
  4 jackals (D:3)
  4 quokkas
  9 bats
  5 frilled lizards
  8 kobolds
  A leopard gecko skeleton (D:4)
  13 rats
98 creatures vanquished.

Notes
Turn   | Place    | Note
-------+----------+-------------------------------------------
     0 | D:1      | Elellon the Deep Dwarf Fighter began the quest for the Orb.
     0 | D:1      | Reached XP level 1. HP: 20/20 MP: 1/1
   101 | D:1      | Reached XP level 2. HP: 21/27 MP: 2/2
   829 | D:2      | Reached XP level 3. HP: 23/34 MP: 3/3
   843 | D:2      | Reached skill level 3 in Axes
  1311 | D:2      | Reached skill level 4 in Axes
  1311 | D:2      | Reached XP level 4. HP: 37/42 MP: 4/4
  2058 | D:3      | Reached XP level 5. HP: 20/49 MP: 5/5
  2098 | D:3      | Reached skill level 5 in Axes
  2137 | D:3      | Found an ancient bone altar of Kikubaaqudgha.
  2137 | D:3      | Found a blossoming altar of Fedhas.
  2388 | D:4      | Noticed Menkaure
  2417 | D:4      | Found a stormy altar of Qazlal.
  2417 | D:4      | Noticed Robin
  2486 | D:4      | Killed Robin
  2486 | D:4      | Reached XP level 6. HP: 37/56 MP: 4/4
  2595 | D:4      | Killed Menkaure
  2595 | D:4      | Reached skill level 6 in Axes
  2790 | D:4      | Mangled by an ogre

Levels and vault maps discovered:
D:1:      roderic_crossed_star, layout_basic
D:2:      layout_loops_corners, first_ration
D:3:      layout_loops_ring, grunt_temple_overflow_growth_and_decay
D:4:      layout_basic, grunt_qazlal_sundering, kennysheep_little_box,
          lemuel_zombie_altar_yredelemnul, minmay_temple_entry_offerings,
          kennysheep_pointless_box, uniq_menkaure, uniq_robin

Skill      XL: |  1  2  3  4  5  6 |
---------------+-------------------+-----
Fighting       | 3 |  3.4
Axes           | 4 5 6 |  6.3
Shields        | 4 |  4.4
Armour         | 4 |  4.4
Dodging        | |  0.1

Action                   |  1- 3 |  4- 6 || total
-------------------------+-------+-------++-------
Melee: War axe           |   110 |   201 ||   311
 Abil: Heal Wounds       |     1 |     5 ||     6
  Eat: Chunk             |     1 |     6 ||     7
Armor: Scale mail        |    62 |   104 ||   166
Dodge: Dodged            |    42 |    51 ||    93
Block: Shield            |    65 |   118 ||   183
